 Dungeon Crawl Stone Soup version 0.23-b1-6-ga921848 (webtiles) character file.

Game seed: 8970516108376434769

1156 kaze the Cleaver (level 8, 0/68 HPs)
             Began as a Hill Orc Fighter on Feb 1, 2019.
             Slain by a gnoll
             ... wielding a +0 spear of venom
              (2 damage)
             ... while paralysed by a gnoll
             ... on level 6 of the Dungeon.
             The game lasted 00:09:23 (3614 turns).

kaze the Cleaver (Hill Orc Fighter)                 Turns: 3614, Time: 00:09:24

Health: 0/68       AC:  8    Str: 21    XL:     8   Next: 39%
Magic:  8/8        EV:  2    Int:  8    God:
Gold:   356        SH:  0    Dex: 13    Spells: 7/7 levels left

rFire    . . .     SeeInvis .   a - +0 war axe
rCold    . . .     Gourm    .   c - +1 shield
rNeg     . . .     Faith    .   b - +0 scale mail
rPois    .         Spirit   .   (no helmet)
rElec    .         Reflect  .   (no cloak)
rCorr    .         Harm     .   (no gloves)
MR       .....                  p - +0 pair of boots
Stlth    ..........             (no amulet)
HPRegen  0.21/turn              s - +3 ring of dexterity
MPRegen  0.11/turn              (no ring)

@: paralysed, lethally poisoned (0 -> -14)
A: no striking features
a: no special abilities


You were on level 6 of the Dungeon.
You were not hungry.

You visited 1 branch of the dungeon, and saw 6 of its levels.
You also visited: Ossuary.

You collected 356 gold pieces.

Inventory:

Hand Weapons
 a - a +0 war axe (weapon)
Armour
 b - a +0 scale mail (worn)
 c - a +1 shield (worn)
 p - a +0 pair of boots (worn)
Jewellery
 h - an uncursed ring of fire {unknown}
 s - a +3 ring of dexterity (left hand)
 x - an uncursed amulet of guardian spirit {unknown}
Wands
 r - a wand of iceblast (12)
 t - a wand of flame (12)
Scrolls
 d - 2 scrolls of blinking
 e - 4 scrolls of teleportation
 i - 4 scrolls of remove curse
 m - 2 scrolls of magic mapping
 q - 2 scrolls of enchant armour
 u - a scroll of random uselessness
 w - a scroll of fog
 y - a scroll of brand weapon {unknown}
Potions
 g - 4 potions of brilliance
 j - a potion of magic
 k - 2 potions of heal wounds
 l - a potion of cancellation
 n - 2 potions of haste
 o - 5 potions of curing
 v - a potion of flight {unknown}
 z - a potion of resistance {unknown}
 A - a potion of berserk rage
 B - a potion of mutation {unknown}
Comestibles
 f - 7 rations
 C - 2 chunks of flesh


   Skills:
 + Level 5.2 Fighting
 + Level 9.1 Axes
 + Level 5.5 Armour
 + Level 1.7 Dodging
 + Level 0.6 Stealth
 + Level 5.3 Shields


You had 7 spell levels left.
You didn't know any spells.
Your spell library contained the following spells:

 Spells                   Type           Power        Failure   Level  Hunger
 Beastly Appendage        Tmut           #.....       98%         1    ##.....
 Sticks to Snakes         Tmut           #.......     99%         2    ###....
 Spider Form              Tmut/Pois      #.........   100%        3    ####...
 Ice Form                 Ice/Tmut       #.......     100%        4    #####..
 Blade Hands              Tmut           #.........   100%        5    ######.


Dungeon Overview and Level Annotations

Branches:
Dungeon (6/15)
 Temple: D:4-7

Altars:
Cheibriados
Uskayaw
Xom
The Shining One

Annotations:
D:6 1 transporter, buskinjo's ghost, novice DsNe


Message History

You are more poisoned.
The gnoll zaps a wand.
You shrug off the repeated paralysis!
The gnoll hits you but does no damage.
The gnoll shaman hits you but does no damage.
The gnoll sergeant hits the plant with a +0 trident!
You feel sick.
The gnoll hits the plant with a +0 halberd.
The gnoll hits you but does no damage.
You are more poisoned.
The gnoll sergeant hits you from afar with a +0 spear of electrocution.
* * * LOW HITPOINT WARNING * * *
The gnoll hits you but does no damage. The gnoll hits you with a +0 club.
* * * LOW HITPOINT WARNING * * *
The gnoll shaman hits you with a +0 whip.
* * * LOW HITPOINT WARNING * * *
* * * LOW HITPOINT WARNING * * *
You feel sick.
The gnoll sergeant hits the plant with a +0 trident!
The gnoll hits you from afar with a +0 spear of venom.
You die...

≈≈≈≈≈≈≈≈≈≈...≈≈≈≈≈≈≈≈≈≈≈....
≈≈≈≈≈≈≈≈≈≈...≈≈≈≈≈≈≈≈≈≈≈....
≈#####..(........#####≈≈....
≈# 8g#.###.©.###.#g8.#≈≈....
..###g#####©###...#≈≈.<.. .
............###≈≈.... ##'
##g######.#8.≈≈....
.#P.P#Pg8# $# ##.≈≈....
.'.gggg@g# .#.≈≈....
.#P.P#P)8# ##.≈≈...# ##
##'######.#8.≈≈...# .
..........###≈≈...#
###.#####.###..g#≈≈...'
.#.###.©.###.#.8g#≈≈...#
###...........#####≈≈...#
≈≈≈≈≈≈≈≈≈≈≈≈≈≈≈≈≈≈≈≈≈≈...#
≈≈≈≈≈≈≈≈≈≈≈≈≈≈≈≈≈≈≈≈≈≈≈....


You could see 2 gnoll sergeants, a gnoll shaman and 4 gnolls.

Vanquished Creatures
  Sigmund (D:3)
  A phantom (D:4)
  An ogre (D:5)
  A centaur (D:5)
  A water moccasin zombie (Ossuary)
  3 scorpions
  A hound (D:4)
  An orc priest (D:6)
  Crazy Yiuf (D:3)
  An orc wizard (D:6)
  Jessica (D:3)
  Ijyb (D:4)
  Natasha (thrice) (D:3)
  A worker ant (D:4)
  A big kobold zombie (Ossuary)
  2 mummies (Ossuary)
  2 gnolls (D:6)
  8 adders
  An ooze (D:3)
  6 adder zombies (Ossuary)
  An adder skeleton (D:5)
  A worm (D:2)
  2 dart slugs
  A leopard gecko (D:3)
  11 orcs
  12 bats
  5 giant cockroaches
  9 goblins
  7 hobgoblins
  4 jackals (D:3)
  5 quokkas
  4 frilled lizards
  A gnoll zombie (Ossuary)
  6 hobgoblin zombies (Ossuary)
  10 kobolds
  2 kobold zombies (Ossuary)
  3 orc zombies (Ossuary)
  7 rats
129 creatures vanquished.

Notes
Turn   | Place    | Note
-------+----------+-------------------------------------------
     0 | D:1      | kaze the Hill Orc Fighter began the quest for the Orb.
     0 | D:1      | Reached XP level 1. HP: 19/19 MP: 1/1
    54 | D:1      | Reached XP level 2. HP: 26/27 MP: 2/2
   332 | D:1      | Reached skill level 3 in Axes
   613 | D:2      | Reached XP level 3. HP: 30/33 MP: 3/3
  1029 | D:2      | Reached XP level 4. HP: 29/40 MP: 4/4
  1111 | D:2      | Reached skill level 4 in Axes
  1398 | D:3      | Noticed Natasha
  1405 | D:3      | Killed Natasha
  1405 | D:3      | Reached XP level 5. HP: 17/46 MP: 5/5
  1520 | D:3      | Noticed Sigmund
  1533 | D:3      | Killed Sigmund
  1533 | D:3      | Reached skill level 5 in Axes
  1533 | D:3      | Reached skill level 1 in Dodging
  1533 | D:3      | Reached XP level 6. HP: 49/53 MP: 6/6
  1630 | D:3      | Reached skill level 6 in Axes
  1656 | D:3      | Found a snail-covered altar of Cheibriados.
  1667 | D:3      | Noticed Jessica
  1683 | D:3      | Killed Jessica
  1863 | D:3      | Found a runed translucent door.
  1864 | D:3      | Noticed Crazy Yiuf
  1976 | D:3      | Noticed Natasha
  1990 | D:3      | Killed Natasha
  2010 | D:3      | Noticed Natasha
  2015 | D:3      | Killed Natasha
  2091 | D:3      | Killed Crazy Yiuf
  2091 | D:3      | Reached XP level 7. HP: 54/60 MP: 7/7
  2171 | D:4      | Reached skill level 7 in Axes
  2266 | D:4      | Found a shimmering altar of Xom.
  2323 | D:4      | Found a glowing golden altar of the Shining One.
  2361 | D:4      | Reached skill level 5 in Armour
  2521 | D:4      | Noticed Ijyb
  2533 | D:4      | Killed Ijyb
  2533 | D:4      | Reached skill level 5 in Shields
  2607 | D:4      | Found a hide-covered altar of Uskayaw.
  2661 | D:5      | Entered Level 5 of the Dungeon
  2728 | D:5      | Reached skill level 8 in Axes
  2740 | D:5      | Reached skill level 5 in Fighting
  2740 | D:5      | Reached XP level 8. HP: 41/68 MP: 8/8
  3207 | D:6      | Found a sand-covered staircase.
  3216 | D:6      | Found a transporter.
  3217 | D:6      | Found a transporter.
  3226 | Ossuary  | Entered an ossuary
  3418 | D:6      | Noticed buskinjo's ghost (novice DsNe)
  3431 | D:6      | Reached skill level 9 in Axes
  3603 | D:6      | Identified the +9 ring mail "Anaust" {Slay+3}
  3610 | D:6      | Paralysed by a gnoll for 5 turns
  3614 | D:6      | HP: 2/68 [poisoned by a gnoll]
  3614 | D:6      | Slain by a gnoll

Skill      XL: |  1  2  3  4  5  6  7  8 |
---------------+-------------------------+-----
Axes           | 3 4 5 6 8 9 |  9.1
Shields        | 4 5 |  5.3
Fighting       | 4 5 |  5.2
Armour         | 4 5 |  5.5
Dodging        | 1 |  1.7
Stealth        | |  0.6

Action                   |  1- 3 |  4- 6 |  7- 9 || total
-------------------------+-------+-------+-------++-------
Melee: War axe           |   105 |   160 |   191 ||   456
  Use: Scroll            |     9 |       |     9 ||    18
       Potion            |       |     2 |       ||     2
 Stab: Distracted        |       |       |     1 ||     1
  Eat: Chunk             |       |     4 |     2 ||     6
       Ration            |       |       |     1 ||     1
Armor: Scale mail        |    48 |    71 |    73 ||   192
Dodge: Dodged            |    28 |    55 |    58 ||   141
Block: Shield            |    77 |    98 |    85 ||   260
